 Dungeon Crawl Stone Soup version 0.29.1-12-g30fa7ad0bf (webtiles) character file.

Game seed: 595762680942893613

12169 OTABOTABOTAB the Nimble (level 11, -10/54 HPs)
             Began as a Felid Summoner on Jan 16, 2023.
             Was an Initiate of Gozag.
             Mangled by a death yak (11 damage)
             ... on level 2 of the Lair of Beasts.
             The game lasted 00:49:39 (16047 turns).

OTABOTABOTAB the Nimble (Felid Summoner)           Turns: 16047, Time: 00:49:40

Health: -10/54     AC:  3    Str:  4    XL:     11   Next: 58%
Magic:  7/26       EV: 30    Int: 22    God:    Gozag
Gold:   1914       SH:  0    Dex: 16    Spells: 17/30 levels left
                                        Lives:  0   Deaths: 3

rFire   + . .      SeeInvis +   (weapon unavailable)
rCold   + . .      Faith    .   (shield unavailable)
rNeg    . . .      Spirit   .   (body armour unavailable)
rPois   .          Reflect  .   (helmet unavailable)
rElec   .          Harm     .   (cloak unavailable)
rCorr   .          Rampage  .   (gloves unavailable)
Will    +....                   (boots unavailable)
Stlth   ++........              l - amulet of magic regeneration
HPRegen 0.18/turn               b - +4 ring of evasion
MPRegen 0.60/turn               F - ring of protection from fire {rF+, !d}

@: gold aura, slowed, slow
A: very small, claws 1, fangs 3, see invisible, speed 1, shaggy fur 3, stealthy
paws, no weapons or thrown items, no armour, multi-lived
a: Renounce Religion, Potion Petition, Call Merchant, Bribe Branch


You were on level 2 of the Lair of Beasts.
You worshipped Gozag.
Gozag was most pleased with you.
You visited 3 branches of the dungeon, and saw 14 of its levels.

You collected 2378 gold pieces.
You spent 374 gold pieces at shops.
You paid 90 gold pieces to Gozag.

Inventory:

Missiles
 a - 3 curare-tipped darts
Jewellery
 b - a +4 ring of evasion (left paw)
   (You found it on level 2 of the Dungeon)
 c - a +6 ring of strength
   (You found it on level 9 of the Dungeon)
 l - an amulet of magic regeneration (around neck)
   (You found it on level 6 of the Dungeon)
 m - an amulet of regeneration
   (You found it on level 7 of the Dungeon)
 A - a ring of protection from fire {rF+, !d}
   (You took it off an orc on level 3 of the Dungeon)
 C - a ring of protection from cold {rC+, !d}
   (You found it on level 2 of the Lair of Beasts)
 F - a ring of protection from fire (right paw) {rF+, !d}
   (You found it on level 3 of the Dungeon)
 W - a ring of willpower
   (You found it on level 6 of the Dungeon)
Wands
 d - a wand of digging (5)
   (You took it off Nergalle on level 10 of the Dungeon)
 e - a wand of charming (5)
   (You found it on level 8 of the Dungeon)
 g - a wand of light (9)
   (You found it on level 6 of the Dungeon)
 i - a wand of iceblast (11)
   (You found it on level 5 of the Dungeon)
 y - a wand of mindburst (10)
   (You took it off Maurice on level 8 of the Dungeon)
Scrolls
 h - 3 scrolls of enchant armour
 j - a scroll of butterflies
 k - a scroll of acquirement {unknown}
 n - a scroll of enchant weapon {unknown}
 o - 2 scrolls of identify {@r1}
 E - 2 scrolls of fear
 X - a scroll of magic mapping {@r4!r}
 Y - 5 scrolls of teleportation {@r3}
Potions
 f - 2 potions of attraction {!q}
 B - a potion of brilliance
 H - a potion of haste
 J - 6 potions of curing {@q1}
 L - a potion of flight
 N - 2 potions of heal wounds {@q2}
 P - 2 potions of lignification {!q}
 R - 3 potions of resistance


   Skills:
 + Level 10.2 Fighting
 + Level 13.2 Dodging
 - Level 2.6 Stealth
 - Level 10.0 Spellcasting
 - Level 5.0 Hexes
 - Level 10.0 Summonings
 - Level 7.0 Air Magic


You had 17 spell levels left.
You knew the following spells:

 Your Spells              Type           Power      Damage    Failure   Level
a - Summon Small Mammal   Summ           100%       N/A       1%          1
b - Call Canine Familiar  Summ           53%        N/A       1%          3
c - Call Imp              Summ           53%        N/A       1%          2
d - Summon Guardian Gole  Hex/Summ       44%        N/A       1%          3
e - Summon Lightning Spi  Summ/Air       48%        N/A       1%          4

Your spell library contained the following spells:

 Spells                   Type           Power      Damage    Failure   Level
 Apportation              Tloc           22%        N/A       6%          1
 Necrotise                Necr           44%        1d6       6%          1
 Blink                    Tloc           22%        N/A       9%          2
 Sublimation of Blood     Necr           11%        N/A       9%          2
 Wereblood                Tmut           11%        N/A       9%          2
 Gell's Gravitas          Tloc           11%        N/A       19%         3
 Lesser Beckoning         Tloc           11%        N/A       19%         3
 Ozocubu's Armour         Ice            11%        N/A       19%         3
 Teleport Other           Tloc           11%        N/A       19%         3
 Summon Hydra             Summ           26%        N/A       63%         7
 Alistair's Intoxication  Tmut/Pois      7%         N/A       86%         5
 Fireball                 Conj/Fire      5%         3d5       86%         5
 Manifold Assault         Tloc           11%        N/A       86%         5
 Starburst                Conj/Fire      5%         6d4       100%        6
 Ozocubu's Refrigeration  Ice            5%         4d8       100%        7
 Storm Form               Tmut/Air       13%        N/A       100%        7
 Ignition                 Fire           5%         3d4       100%        8


Dungeon Overview and Level Annotations

Branches:
Dungeon (11/15)            Temple (1/1) D:4            Lair (2/5) D:9
  Swamp: Lair:2-3    Shoals: Lair:2-3     Snake: Lair:2-3    Spider: Lair:2-3
    Orc: D:9-12

Altars:
Ashenzari
Cheibriados
Dithmenos
Elyvilon
Fedhas
Gozag
Hepliaklqana
Kikubaaqudgha
Makhleb
Nemelex Xobeh
Okawaru
Qazlal
Ru
Sif Muna
Trog
Uskayaw
Vehumet
Wu Jian
Xom
Yredelemnul
Zin
The Shining One

Shops:
D:9 :

Portals:
Ice
Cave: Lair:2

Annotations:
D:3 3 runed translucent doors, lmSkywalker's ghost, amateur GrEE
D:7 3 runed translucent doors, bubby's ghost, novice OpFE
D:10 3 runed translucent doors, LustLizard's ghost, novice MiMo


Innate Abilities, Weirdness & Mutations

You have sharp claws.
You have razor-sharp teeth.
You have supernaturally acute eyesight. (SInv)
You cover ground quickly. (Speed+)
Your thick and shaggy fur keeps you warm. (AC +3, rC+)
Your paws help you pounce on unaware monsters.
You are incapable of wielding weapons or throwing items.
You cannot wear armour.
You gain extra lives every three experience levels.


Message History

The ice devil freezes your white imp.
Your white imp resists.
Flame seeps out of your guardian golem.
Your wolf bites the ice devil.
Your guardian golem is engulfed in blazing flames.
Flame seeps out of your guardian golem.
Your white imp gestures at the wolf.
The puff of frost hits the wolf!
Your wolf bites the ice devil.
The ice devil hits your white imp!
Your white imp dies!
Your white imp disappears in a puff of smoke!
Flame seeps out of your guardian golem.
A polar bear simulacrum comes into view.
Your lightning spire shoots out a bolt of lightning at the death yak!
The bolt of electricity misses the death yak.
The bolt of electricity hits the death yak!
The bolt of electricity hits your lightning spire.
Your lightning spire completely resists.
Your wolf splashes around in the water.
Your guardian golem is engulfed in blazing flames.
Flame seeps out of your guardian golem.
Your wolf bites the ice devil but does no damage.
The death yak gores your lightning spire.
Flame seeps out of your guardian golem. The ice devil hits your wolf.
The ice devil freezes your wolf!!
Your guardian golem disappears in a puff of smoke!
The fiery explosion engulfs the ice devil!!!
The ice devil is burned terribly!
The ice devil dies!
The fiery explosion engulfs your wolf!!
Your wolf dies!
Your wolf's corpse disappears in a puff of smoke!
The fiery explosion engulfs the bog body!
The bog body resists.
Your lightning spire shoots out a bolt of lightning at the death yak!
The bolt of electricity hits the death yak! x2
The bolt of electricity hits your lightning spire.
Your lightning spire completely resists.
The wolf bites your lightning spire but does no damage.
The death yak gores your lightning spire!
The death yak barely misses your lightning spire.
You hear an angry hiss.
The wolf bites your lightning spire but does no damage.
The polar bear simulacrum is engulfed in a cloud of scalding steam.
The wolf bites your lightning spire but does no damage.
The death yak gores your lightning spire!
The yak is engulfed in a cloud of scalding steam.
The death yak gores your lightning spire!
You now have 16/26 mp.
A beastly little devil appears in a puff of frigid air.
The wolf bites your lightning spire but does no damage.
The wolf bites your lightning spire!
Your lightning spire is destroyed!
Your lightning spire disappears in a puff of smoke!
The yak is engulfed in blazing flames.
The polar bear simulacrum is engulfed in blazing flames.
The bog body is engulfed in blazing flames.
The polar bear simulacrum is distracted by your dazzling golden aura.
The death yak gores your white imp!!
Your white imp dies!
Your white imp disappears in a puff of smoke!
The yak is engulfed in blazing flames.
The death yak misses you.
The death yak bellows!
You now have 15/26 mp.
An electric hum fills the air.
The polar bear simulacrum is no longer distracted by gold.
Your wolf bites the death yak but does no damage.
Your wolf bites the death yak.
The wolf bites you. The death yak completely misses you.
The death yak is distracted by your dazzling golden aura.
Your wolf bites the death yak!
The bog body is distracted by your dazzling golden aura.
The death yak bellows!
A guardian golem appears, shielding your allies.
The bog body is no longer distracted by gold.
The wolf closely misses you.
Your wolf bites the death yak.
The wolf completely misses you. The death yak closely misses you.
The polar bear simulacrum is engulfed in blazing flames.
The polar bear simulacrum is distracted by your dazzling golden aura.
The bog body is distracted by your dazzling golden aura.
Your wolf bites the death yak but does no damage.
The wolf barely misses you. The death yak misses you.
Your wolf disappears in a puff of smoke!
The wolf misses you.
The polar bear simulacrum is engulfed in blazing flames.
The wolf misses you. The death yak gores you!! The yak closely misses you.
A shadowy apparition takes form in the air.
The death yak is no longer distracted by gold.
The bog body is no longer distracted by gold.
The wolf completely misses you.
Your wolf closely misses the wolf.
The wolf completely misses you. The death yak completely misses you. x2
The yak gores you.
Your wolf barely misses the wolf.
The wolf barely misses you. The yak gores you! The death yak gores you!
* * * LOW HITPOINT WARNING * * *
The death yak gores you but does no damage.
Your wolf bites the wolf.
The wolf closely misses you.
Your wolf bites the wolf!
The wolf dies!
The death yak gores you!
You die...
Your body crumbles into a pile of gold.

.....#.............##
...................#.###
..#...##....#.###P..## #
.... ##.##.## ###.####
~.... #...## .#...#.#
~....####....###........
≈~.P....###........ #....
~~##..98#.#.......###....
~~~...nY@......#####....#
~~~....YY$h...######..P##
≈~~....5.r............P##
.≈~$.............P.#..##
.~§§☼○.....####..##...###
.~$°.§.....# #..#.#...#.
.~≈$~°###.## #...###...#
.~~~~# #.#####...# ##...
..~~~ ###.#.##...###....


You could see 2 death yaks, a bog body (ally target), a yak, a friendly guardian
golem (summoned), a friendly wolf (summoned, sheltered), a friendly lightning
spire (summoned, sheltered), a friendly shadow imp (summoned, sheltered) and a
friendly rat (summoned).

Vanquished Creatures
  Maggie (D:6)
  An orc wizard (D:5)
2 creatures vanquished.

Vanquished Creatures (collateral kills)
  Gastronok (D:8)
  Snorg (D:10)
  Erica (D:8)
  A boulder beetle (D:8)
  A catoblepas (Lair:2)
  3 two-headed ogres
  Nergalle (D:10)
  The ghost of hikkokomori the Destroyer, a novice OpCj of Gozag (D:9)
  Amaemon (D:9)
  A deep elf pyromancer (D:8)
  A manticore (D:8)
  Maurice (D:8)
  An orange demon (D:9)
  A cane toad (Lair:1)
  A komodo dragon (Lair:2)
  A polar bear (Lair:1)
  A hornet (D:9)
  A slime creature (D:8)
  2 blink frogs (Lair:2)
  Prince Ribbit (Lair:2)
  2 wyverns (D:9)
  A shadow (D:9)
  7 yaks
  A basilisk (D:9)
  Grum (D:8)
  3 steam dragons
  2 acid dragons
  6 water moccasins
  2 orc warriors
  An ice beast (D:5)
  A black bear (D:9)
  3 ogres
  7 wolves
  2 centaurs
  2 phantoms (D:5)
  3 kobold brigands
  A gnoll sergeant (D:9)
  13 bullfrogs
  A scorpion (D:7)
  4 wights (D:7)
  A killer bee (D:8)
  6 howler monkeys
  4 crimson imps (D:7)
  2 hounds (D:5)
  6 orc priests
  2 jellies
  9 orc wizards
  5 gnolls (D:9)
  8 adders
  A shadow imp (D:7)
  9 white imps (Lair:2)
  An ufetubus (D:6)
  4 worms
  4 dart slugs
  38 orcs
  6 bats
  11 endoplasms
  2 giant cockroaches (D:2)
  9 goblins
  5 hobgoblins
  12 kobolds
  A quokka (D:3)
  5 ball pythons
  5 frilled lizards (D:1)
  5 rats
247 creatures vanquished.

Vanquished Creatures (others)
  2 two-headed ogres (D:8)
  A manticore (shapeshifter) (D:8)
  An ugly thing (D:8)
  An elephant (D:9)
  A black mamba (Lair:2)
  The ghost of RapScallion the Slasher, a novice HuFi of Okawaru (D:4)
  A cane toad (Lair:1)
  A freezing wraith (D:8)
  An ice devil (Lair:2)
  A tengu conjurer (D:8)
  A polar bear (Lair:1)
  A wyvern (Lair:1)
  3 yaks (Lair:1)
  An acid dragon (D:8)
  2 water moccasins
  An ice beast (D:8)
  An ogre (D:6)
  A bullfrog (Lair:1)
  A scorpion (D:6)
  A wight (D:7)
  2 killer bees (D:8)
  2 howler monkeys (D:10)
  2 orc priests
  Crazy Yiuf (D:6)
  2 polar bear simulacra (Lair:2)
  4 white imps (Lair:2)
  2 orcs
  5 fungi
  14 plants
58 creatures vanquished.

Grand Total: 307 creatures vanquished

Notes
Turn   | Place    | Note
-------+----------+-------------------------------------------
     0 | D:1      | OTABOTABOTAB the Felid Summoner began the quest for the
                  | Orb.
     0 | D:1      | Reached XP level 1. HP: 7/7 MP: 4/4
   301 | D:1      | Found a faded altar of an unknown god.
   362 | D:1      | Reached XP level 2. HP: 11/11 MP: 1/6
   367 | D:1      | Learned a level 2 spell: Call Imp
  1384 | D:2      | You fall into a shaft and drop 1 floor!
  1474 | D:3      | Reached XP level 3. HP: 14/14 MP: 2/8
  1478 | D:3      | Learned a level 3 spell: Call Canine Familiar
  2036 | D:2      | Reached skill level 3 in Spellcasting
  2406 | D:3      | Found a runed translucent gate.
  2407 | D:3      | Found a runed translucent gate.
  2407 | D:3      | Found a runed translucent gate.
  2410 | D:3      | Noticed lmSkywalker's ghost (amateur GrEE)
  2415 | D:3      | Reached XP level 4. HP: 18/18 MP: 0/9
  2823 | D:3      | Reached skill level 5 in Summonings
  2977 | D:3      | Reached XP level 5. HP: 17/21 MP: 5/11
  3678 | D:4      | Learned a level 3 spell: Summon Guardian Golem
  4039 | D:4      | Reached skill level 1 in Hexes
  4125 | D:4      | Noticed a water moccasin
  4147 | D:4      | HP: 3/21 [water moccasin (3)]
  4152 | D:4      | Slain by a water moccasin
  4153 | D:4      | Reached XP level 4. HP: -4/18 MP: 0/10
  4169 | D:4      | Killed a water moccasin
  4170 | D:4      | Reached skill level 1 in Fighting
  4170 | D:4      | Reached skill level 3 in Dodging
  4170 | D:4      | Reached skill level 4 in Spellcasting
  4170 | D:4      | Reached skill level 2 in Hexes
  4170 | D:4      | Reached XP level 5. HP: 22/22 MP: 1/12
  4429 | D:4      | Found a glowing golden altar of the Shining One.
  4480 | D:4      | Gained mutation: You are covered in thick fur. (AC +2)
                  | [Felid growth]
  4480 | D:4      | Reached XP level 6. HP: 18/25 MP: 4/13
  4706 | D:4      | Found a staircase to the Ecumenical Temple.
  4732 | Temple   | Entered the Ecumenical Temple
  4900 | D:4      | Found a runed translucent gate.
  4900 | D:4      | Identified the +4 dagger of Cerintatt {freeze, Drain rC+
                  | Int+3}
  4900 | D:4      | Identified the +4 ring mail of the Pink Corner {rElec Will+
                  | Dex+2}
  4901 | D:4      | Found a runed translucent gate.
  4902 | D:4      | Noticed RapScallion's ghost (novice HuFi)
  4903 | D:4      | Found a runed translucent gate.
  5059 | D:4      | Killed RapScallion's ghost
  5060 | D:4      | Reached skill level 2 in Fighting
  5060 | D:4      | Reached skill level 4 in Dodging
  5060 | D:4      | Reached skill level 3 in Hexes
  5060 | D:4      | Reached skill level 6 in Summonings
  5060 | D:4      | Reached XP level 7. HP: 12/30 MP: 2/14
  5400 | D:5      | Entered Level 5 of the Dungeon
  5421 | D:5      | Reached skill level 4 in Hexes
  5645 | D:5      | Reached skill level 3 in Fighting
  5645 | D:5      | Reached skill level 5 in Dodging
  5903 | D:5      | Found a blossoming altar of Fedhas.
  5929 | D:5      | Reached skill level 5 in Spellcasting
  6098 | D:5      | Reached skill level 5 in Hexes
  6098 | D:5      | Reached XP level 8. HP: 34/34 MP: 7/16
  6447 | D:4      | Found a basalt altar of Yredelemnul.
  6447 | D:4      | Found an ornate altar of the Wu Jian Council.
  6447 | D:4      | Found a shadowy altar of Dithmenos.
  6447 | D:4      | Found an opulent altar of Gozag.
  6450 | D:4      | Found a snail-covered altar of Cheibriados.
  6455 | D:4      | Became a worshipper of Gozag Ym Sagoz the Greedy
  6495 | D:6      | Learned a level 4 spell: Summon Lightning Spire
  6945 | D:6      | Reached skill level 1 in Air Magic
  7046 | D:6      | Reached skill level 6 in Dodging
  7221 | D:6      | Reached skill level 4 in Fighting
  7365 | D:6      | Noticed Maggie
  7537 | D:6      | Killed Maggie
  7538 | D:6      | Reached skill level 7 in Summonings
  7538 | D:6      | Reached skill level 2 in Air Magic
  7803 | D:6      | Found a bloodstained altar of Trog.
  8302 | D:6      | Found a runed translucent door.
  8303 | D:6      | Noticed Crazy Yiuf
  8326 | D:6      | Killed Crazy Yiuf
  8327 | D:6      | Reached XP level 9. HP: 39/39 MP: 4/18
  8474 | D:7      | Found a shimmering altar of Xom.
  8523 | D:7      | Reached skill level 7 in Dodging
  8579 | D:7      | Reached skill level 6 in Spellcasting
  8904 | D:7      | Found a radiant altar of Vehumet.
  9013 | D:7      | Found a runed translucent gate.
  9013 | D:7      | Found a runed translucent gate.
  9013 | D:7      | Found a runed translucent gate.
  9017 | D:7      | Noticed bubby's ghost (novice OpFE)
  9134 | D:7      | Reached skill level 5 in Fighting
  9144 | D:7      | Found a broken altar of Ashenzari.
  9223 | D:7      | Reached skill level 3 in Air Magic
 10067 | D:8      | Noticed Erica
 10074 | D:8      | Noticed Maurice
 10079 | D:8      | Noticed Gastronok
 10089 | D:8      | Killed Erica
 10090 | D:8      | Reached skill level 8 in Dodging
 10090 | D:8      | Reached skill level 8 in Summonings
 10148 | D:8      | Killed Maurice
 10149 | D:8      | Reached skill level 4 in Air Magic
 10149 | D:8      | Reached XP level 10. HP: 26/45 MP: 21/21
 10210 | D:8      | Reached skill level 6 in Fighting
 10214 | D:8      | Killed from afar by Gastronok
 10215 | D:8      | Reached XP level 9. HP: -9/41 MP: 17/20
 10352 | D:8      | Noticed a two-headed ogre
 10381 | D:8      | Killed a two-headed ogre
 10382 | D:8      | Reached skill level 7 in Spellcasting
 10458 | D:8      | Killed Gastronok
 10459 | D:8      | Reached skill level 9 in Dodging
 10459 | D:8      | Reached XP level 10. HP: 21/46 MP: 10/22
 10838 | D:8      | Noticed a two-headed ogre
 10849 | D:8      | Killed a two-headed ogre
 10850 | D:8      | Reached skill level 5 in Air Magic
 10902 | D:8      | Noticed Grum
 10904 | D:8      | Noticed a two-headed ogre
 10907 | D:8      | Reached skill level 7 in Fighting
 10909 | D:8      | Reached skill level 9 in Summonings
 10911 | D:8      | Killed Grum
 10915 | D:8      | Killed a two-headed ogre
 10940 | D:8      | Found a white marble altar of Elyvilon.
 11019 | D:8      | Reached skill level 10 in Dodging
 11132 | D:8      | Noticed a steelbarb worm
 11137 | D:8      | Noticed a manticore
 11137 | D:8      | a steelbarb worm changed into a manticore
 11144 | D:8      | Killed a manticore
 11243 | D:8      | Noticed a deep elf pyromancer
 11271 | D:8      | Killed a deep elf pyromancer
 11345 | D:8      | Reached skill level 8 in Spellcasting
 11522 | D:8      | Identified the +10 broad axe of the Eggplant {venom, rPois
                  | rC+}
 11530 | D:8      | Reached XP level 11. HP: 50/50 MP: 19/24
 11721 | D:8      | Noticed a purple ugly thing
 11735 | D:8      | Killed a purple ugly thing
 11736 | D:8      | Reached skill level 6 in Air Magic
 11746 | D:8      | Noticed a boulder beetle
 11775 | D:8      | HP: 7/51 [themself] (13)]
 11776 | D:8      | Killed a boulder beetle
 12271 | D:8      | Noticed a two-headed ogre
 12289 | D:8      | Killed a two-headed ogre
 12571 | D:8      | Reached skill level 8 in Fighting
 12870 | D:9      | Noticed hikkokomori's ghost (novice OpCj)
 12870 | D:9      | Found a runed translucent gate.
 12870 | D:9      | Found a runed translucent gate.
 12870 | D:9      | Found a runed translucent gate.
 13029 | D:9      | Noticed Amaemon
 13052 | D:9      | Killed Amaemon
 13053 | D:9      | Reached skill level 11 in Dodging
 13140 | D:9      | Trevise: Finally done
 13141 | D:9      | OTABOTABOTAB: me too!
 13141 | D:9      | Trevise: 4 hours of homework later sigh
 13141 | D:9      | Trevise: Maybe 5 hours?
 13141 | D:9      | OTABOTABOTAB: got bout 30m til jody get home and we go look
                  | at more houses
 13141 | D:9      | Trevise: ?dies
 13141 | D:9      | Trevise: GL!
 13149 | D:9      | Found Juock's Book Emporium.
 13161 | D:9      | Trevise: I have to go shopping
 13161 | D:9      | Bought an Inescapable Atlas for 374 gold pieces
 13161 | D:9      | OTABOTABOTAB: yuck
 13161 | D:9      | Trevise: Indeed
 13197 | D:9      | Reached skill level 10 in Summonings
 13237 | D:9      | Found a staircase to the Lair.
 13269 | D:9      | Found a sparkling altar of Nemelex Xobeh.
 13933 | D:9      | Killed hikkokomori's ghost
 13965 | D:10     | Entered Level 10 of the Dungeon
 14018 | D:10     | Found a runed translucent gate.
 14018 | D:10     | Found a runed translucent gate.
 14018 | D:10     | Found a runed translucent gate.
 14038 | D:10     | Reached skill level 7 in Air Magic
 14106 | D:10     | Noticed a two-headed ogre
 14117 | D:10     | Killed a two-headed ogre
 14118 | D:10     | Reached skill level 9 in Spellcasting
 14164 | D:10     | Noticed Nergalle
 14180 | D:10     | Killed Nergalle
 14286 | D:10     | Noticed Snorg
 14311 | D:10     | Killed Snorg
 14312 | D:10     | Reached skill level 9 in Fighting
 14584 | D:10     | Noticed LustLizard's ghost (novice MiMo)
 14683 | D:10     | Reached skill level 12 in Dodging
 14841 | D:11     | Noticed a seven-headed hydra
 14901 | Lair:1   | Entered Level 1 of the Lair of Beasts
 14998 | Lair:1   | Gained mutation: Your thick and shaggy fur keeps you warm.
                  | (AC +3, rC+) [Felid growth]
 14998 | Lair:1   | Reached XP level 12. HP: 57/57 MP: 19/26
 15563 | Lair:1   | Identified the +5 short sword of the Twisting Gods {flame,
                  | Str+3 Dex+4}
 15572 | Lair:1   | You fall into a shaft and drop 1 floor!
 15572 | Lair:2   | Noticed a boulder beetle
 15586 | Lair:2   | Annihilated by a boulder beetle
 15587 | Lair:2   | Reached XP level 11. HP: -25/54 MP: 16/25
 15673 | Lair:2   | Noticed Prince Ribbit
 15691 | Lair:2   | Killed Prince Ribbit
 15736 | Lair:2   | Noticed a catoblepas
 15758 | Lair:2   | Reached skill level 13 in Dodging
 15800 | Lair:2   | Killed a catoblepas
 15801 | Lair:2   | Reached skill level 10 in Fighting
 15801 | Lair:2   | Reached skill level 10 in Spellcasting
 15943 | Lair:2   | Found a frozen archway.
 16029 | Lair:2   | Noticed a bog body
 16029 | Lair:2   | Noticed a death yak
 16036 | Lair:2   | Noticed a death yak
 16046 | Lair:2   | HP: 1/54 [death yak (16)]
 16047 | Lair:2   | Mangled by a death yak

Illustrated notes

Levels and vault maps discovered:
D:1:      psy_arrival_radial01, layout_basic,
          hellmonk_ecumenical_altar_slurped_away, minmay_lizard_pond
D:2:      layout_basic
D:3:      layout_rooms, ebering_ghost_rock_garden
D:4:      layout_rooms, tso_altar, nicolae_overflow_hidden_temple,
          temple_doors_cd, biasface_ghost_orc_armoury
D:5:      layout_cave_pools, fedhas_altar_2, kennysheep_generic_room_3
D:6:      layout_loops_corners, mainiacjoe_overflow_alcove_1,
          uniq_crazy_yiuf_cottage, uniq_maggie
D:7:      layout_basic, fiery_altar_vehumet, led_xom_imps,
          mainiacjoe_overflow_surrounded_room, ebering_ghost_rock_garden
D:8:      nzn_winding_woodlands_large [nzn_winding_woodlands_hourglass,
          nzn_winding_woodlands_5x15_jagged, nzn_winding_woodlands_5x5_default,
          nzn_winding_woodlands_center_garden,
          nzn_winding_woodlands_15x15_thick_spiral,
          nzn_winding_woodlands_center_diamonds,
          nzn_winding_woodlands_5x5_open_star,
          nzn_winding_woodlands_5x15_zeroes, nzn_winding_woodlands_5x5_cross],
          layout_rooms, mainiacjoe_overflow_brackets, uniq_maurice,
          uniq_gastronok, uniq_erica, uniq_grum
D:9:      layout_basic, nemelex_spade_bored_becter, david_lair_generic,
          serial_shops, shop, ebering_ghost_rock_garden, uniq_amaemon
D:10:     layout_gridville, gammafunk_ghost_icy, uniq_snorg, uniq_nergalle
D:11:     layout_loops_corners, enter_trove_2, nicolae_shop_sticking_my_neck_out
Temple:   dpeg_three_leaves_temple
Lair:1:   dreamdust_cave_troll, layout_chaotic_city, lemuel_fruit_fields,
          grunt_megastairs_2
Lair:2:   dreamdust_isle_of_ice, layout_layer_cave, minmay_shoals_entry_hut,
          spider_nest_entry_a, portal_ice_cave_entry_imps, hibernation_bobbens,
          uniq_prince_ribbit2

Skill      XL: |  1  2  3  4  5  6  7  8  9 10 11 |
---------------+----------------------------------+-----
Spellcasting   | 3 4 5 7 8 10 | 10.0
Summonings     | 5 6 7 8 9 10 | 10.0
Hexes          | 2 1 3 5 |  5.0
Fighting       | 1 2 3 4 5 7 10 | 10.2
Dodging        | 3 4 5 6 9 10 13 | 13.2
Air Magic      | 2 4 5 7 |  7.0
Stealth        | |  2.6

Action                   |  1- 3 |  4- 6 |  7- 9 | 10-12 || total
-------------------------+-------+-------+-------+-------++-------
Melee: Unarmed           |       |       |     8 |     3 ||    11
       Bite              |       |       |     3 |       ||     3
 Cast: Summon Small Mamm |    62 |    51 |    71 |    97 ||   281
       Call Imp          |    23 |    27 |    38 |    47 ||   135
       Call Canine Famil |     7 |    27 |    54 |    55 ||   143
       Summon Guardian G |       |     2 |    27 |    58 ||    87
       Summon Lightning  |       |       |    13 |    59 ||    72
  Use: Potion            |       |     3 |     2 |       ||     5
       Scroll            |       |       |    11 |     7 ||    18
 Stab: Betrayed ally     |       |       |       |     1 ||     1
Armor: Skin              |     4 |     2 |     2 |     5 ||    13
Dodge: Dodged            |    34 |    50 |    50 |    94 ||   228

Table legend: (Time is in decaauts)
 A = Elapsed time spent in this place.
 B = Non-inter-level travel time spent in this place.
 C = Inter-level travel time spent in this place.
 D = Time resting spent in this place.
 E = Time spent auto-exploring this place.
 F = Levels seen in this place.
 G = Mean time per level.
                   A        B        C        D        E       F      G
               +--------+--------+--------+--------+--------+-----+--------+
         Total |  14582 |  14161 |    421 |   1969 |   8859 |  14 | 1041.6 |
       Dungeon |  13487 |  13078 |    409 |   1969 |   8168 |  11 | 1226.1 |
        Temple |     66 |     55 |     11 |      0 |     48 |   1 |   66.0 |
          Lair |   1028 |   1028 |      0 |      0 |    642 |   2 |  514.0 |
               +--------+--------+--------+--------+--------+-----+--------+

Top non-repeatable levels by time:
     D:8: 2633 daAuts
     D:6: 1796 daAuts
     D:4: 1470 daAuts
     D:7: 1407 daAuts
     D:3: 1295 daAuts
     D:1: 1116 daAuts
     D:2: 1019 daAuts
     D:5: 986 daAuts
     D:9: 969 daAuts
    D:10: 789 daAuts
  Lair:1: 586 daAuts
  Lair:2: 441 daAuts
  Temple: 66 daAuts
    D:11: 1 daAuts

Table legend:
 A = Kills in this place as a percentage of kills in entire the game.
 B = Kills by you in this place as a percentage of kills by you in the entire game.
 C = Kills by friends in this place as a percentage of kills by friends in the entire game.
 D = Other kills in this place as a percentage of other kills in the entire game.
 E = Experience gained in this place as a percentage of experience gained in the entire game.
 F = Experience gained in this place divided by the number of levels of this place that you have seen.
                   A       B       C       D       E      F
               +-------+-------+-------+-------+-------+----------------------
         Total | 100.0 | 100.0 | 100.0 | 100.0 | 100.0 | 2344.3
       Dungeon |  82.6 | 100.0 |  86.2 |  59.0 |  75.5 | 2253.5
          Lair |  17.4 |   0.0 |  13.8 |  41.0 |  24.5 | 4016.0
               +-------+-------+-------+-------+-------+----------------------
